 Dungeon Crawl Stone Soup version 0.29-a0-919-gd064cfad1c (webtiles) character file.

Game seed: 1744405303065931647

800 xian the Covered (level 7, -13/54 HPs)
             Began as a Demonspawn Fighter on July 27, 2022.
             Killed by nerve-wracking pain
             ... invoked by Grinder
              (14 damage)
             ... on level 5 of the Dungeon.
             The game lasted 00:09:18 (4622 turns).

xian the Covered (Demonspawn Fighter)               Turns: 4622, Time: 00:09:19

Health: -13/54     AC:  8    Str: 18    XL:     7   Next: 59%
Magic:  7/7        EV: 13    Int: 10    God:
Gold:   345        SH:  5    Dex: 12    Spells: 6/6 levels left

rFire   + . .      SeeInvis .   g - +1 dagger (venom)
rCold   + . .      Faith    .   c - +0 buckler
rNeg    . . .      Spirit   .   b - +0 scale mail
rPois   +          Reflect  .   (helmet restricted)
rElec   +          Harm     .   (no cloak)
rCorr   +          Rampage  .   (no gloves)
Will    .....                   l - +0 pair of boots
Stlth   ..........              (no amulet)
HPRegen 0.18/turn               (no ring)
MPRegen 0.10/turn               (no ring)

@: resistant, hasted, very quick
A: horns 1, repulsion field 2, foul stench 1
a: no special abilities


You were on level 5 of the Dungeon.
You visited 1 branch of the dungeon, and saw 5 of its levels.

You collected 345 gold pieces.

Inventory:

Hand Weapons
 g - a +1 dagger of venom (weapon)
Missiles
 u - 4 javelins (quivered)
Armour
 b - a +0 scale mail (worn)
 c - a +0 buckler (worn)
 l - a +0 pair of boots (worn)
 r - a +0 ring mail
Wands
 k - a wand of polymorph (9)
 o - a wand of flame (18)
 s - a wand of digging (1)
Scrolls
 a - a scroll of vulnerability {unknown}
 f - 4 scrolls of teleportation
 h - 4 scrolls of identify {unknown}
 j - a scroll of enchant weapon {unknown}
 m - 2 scrolls of immolation {unknown}
 q - a scroll of butterflies {unknown}
Potions
 d - a potion of berserk rage {unknown}
 e - a potion of curing
 i - 2 potions of degeneration {unknown}
 n - a potion of haste
 p - 2 potions of resistance
 t - a potion of cancellation {unknown}
 v - a potion of attraction {unknown}


   Skills:
 + Level 4.1 Fighting
 + Level 4.2 Short Blades
 + Level 5.2 Armour
 + Level 2.2 Dodging
 + Level 1.4 Stealth
 + Level 3.9 Shields


You had 6 spell levels left.
You didn't know any spells.
Your spell library contained the following spells:

 Spells                   Type           Power      Damage    Failure   Level
 Blink                    Tloc           0%         N/A       91%         2
 Poisonous Vapours        Pois/Air       0%         N/A       91%         2
 Sublimation of Blood     Necr           0%         N/A       91%         2
 Lesser Beckoning         Tloc           0%         N/A       99%         3
 Corpse Rot               Necr/Pois/Air  0%         N/A       100%        4
 Petrify                  Tmut/Erth      0%         N/A       100%        4
 Irradiate                Conj/Tmut      0%         3d11      100%        5
 Manifold Assault         Tloc           0%         N/A       100%        5


Dungeon Overview and Level Annotations

Branches:
Dungeon (5/15)
 Temple: D:4-7

Altars:
Cheibriados
Qazlal
Ru
Trog

Annotations:
D:5 Grinder


Innate Abilities, Weirdness & Mutations

You have a pair of small horns on your head.
You are surrounded by a moderate repulsion field. (EV +3)
You may rarely emit foul miasma when damaged in melee.


Message History

You completely miss Grinder.
Grinder is lightly wounded.
Grinder hits you.
You writhe in agony.
You hit Grinder. You headbutt Grinder.
Grinder is moderately wounded.
Grinder misses you.
You barely miss Grinder.
Grinder is moderately wounded.
Grinder hits you.
You writhe in agony.
* * * LOW HITPOINT WARNING * * *
You hit Grinder. You headbutt Grinder.
Grinder is moderately wounded.
Grinder hits you.
* * * LOW HITPOINT WARNING * * *
You writhe in agony.
* * * LOW HITPOINT WARNING * * *
You emit a cloud of foul miasma!
It was a potion of haste.
You feel yourself speed up. Grinder hits you but does no damage.
Unknown command.
You hit Grinder. Your headbutt misses Grinder.
Grinder is moderately wounded.
You closely miss Grinder.
Grinder is moderately wounded.
Grinder closely misses you.
You hit Grinder. Your headbutt misses Grinder.
Grinder is moderately wounded.
You hit Grinder but do no damage. Your headbutt misses Grinder.
Grinder is moderately wounded.
Grinder hits you.
* * * LOW HITPOINT WARNING * * *
You writhe in agony.
* * * LOW HITPOINT WARNING * * *
You hit Grinder.
Grinder is poisoned.
You headbutt Grinder.
Grinder is heavily wounded.
You hit Grinder.
Grinder is heavily wounded.
Grinder gestures at you. Pain shoots through your body!
You die...

#........#
##.......#
####.....<.#
...........# ##
###..#.#### ..[
#..#.#######....
#...............
#.#.............
# #.....@.......
#.....5.......
##>...........
.........#.....
#####....#.....
#.#..# ....
#.#### ### #.


You could see Grinder (very poisoned).

Vanquished Creatures
  Sigmund (D:3)
  A black bear (D:5)
  2 phantoms
  A necrophage (D:5)
  2 hounds (D:5)
  Ijyb (D:5)
  Natasha (thrice) (D:2)
  An orc wizard (D:5)
  6 adders
  3 worms
  3 dart slugs
  13 orcs
  7 endoplasms
  2 giant cockroaches
  5 goblins
  5 hobgoblins
  2 kobolds (D:2)
  3 quokkas
  4 ball pythons
  6 bats
  3 frilled lizards
  4 rats
78 creatures vanquished.

Notes
Turn   | Place    | Note
-------+----------+-------------------------------------------
     0 | D:1      | xian the Demonspawn Fighter began the quest for the Orb.
     0 | D:1      | Reached XP level 1. HP: 18/18 MP: 1/1
   118 | D:1      | Reached skill level 3 in Armour
   323 | D:1      | Gained mutation: You are surrounded by a mild repulsion
                  | field. (EV +2) [demonic ancestry]
   323 | D:1      | Reached XP level 2. HP: 20/24 MP: 2/2
  1256 | D:2      | Gained mutation: You are surrounded by a moderate repulsion
                  | field. (EV +3) [demonic ancestry]
  1256 | D:2      | Reached XP level 3. HP: 27/29 MP: 3/3
  1470 | D:2      | Noticed Natasha
  1481 | D:2      | Killed Natasha
  1482 | D:2      | Gained mutation: You have a pair of small horns on your
                  | head. [demonic ancestry]
  1482 | D:2      | Reached XP level 4. HP: 27/35 MP: 4/4
  1615 | D:2      | Noticed Natasha
  1624 | D:2      | Killed Natasha
  1847 | D:2      | Noticed Natasha
  1886 | D:2      | Killed Natasha
  2315 | D:3      | Noticed Sigmund
  2323 | D:3      | Reached XP level 5. HP: 30/41 MP: 5/5
  2340 | D:3      | Killed Sigmund
  2341 | D:3      | Reached skill level 4 in Armour
  2341 | D:3      | Reached skill level 1 in Dodging
  2341 | D:3      | Reached XP level 6. HP: 11/48 MP: 6/6
  2651 | D:3      | Found a faded altar of an unknown god.
  2651 | D:3      | Noticed a reaper
  2796 | D:3      | Found a stormy altar of Qazlal.
  2910 | D:3      | Found a bloodstained altar of Trog.
  3224 | D:4      | Found a snail-covered altar of Cheibriados.
  3337 | D:4      | Found a sacrificial altar of Ru.
  3523 | D:4      | Reached skill level 1 in Stealth
  4074 | D:5      | Entered Level 5 of the Dungeon
  4125 | D:5      | Gained mutation: You may rarely emit foul miasma when
                  | damaged in melee. [demonic ancestry]
  4125 | D:5      | Reached XP level 7. HP: 34/52 MP: 7/7
  4273 | D:5      | Reached skill level 5 in Armour
  4313 | D:5      | Noticed Ijyb
  4352 | D:5      | Killed Ijyb
  4593 | D:5      | Noticed Grinder
  4606 | D:5      | Paralysed by Grinder for 4 turns
  4620 | D:5      | HP: 1/54 [Grinder (5)]
  4622 | D:5      | Killed from afar by Grinder

Illustrated notes

Levels and vault maps discovered:
D:1:      minmay_arrival_stair_chambers, layout_basic, hangedman_decor_lopped
D:2:      layout_basic, st_stairs_10, uniq_natasha
D:3:      layout_basic, mainiacjoe_overflow_alcove_2, old_standard_altar,
          dreamdust_ecumenical_altar_sealed_demon, uniq_sigmund
D:4:      minmay_skewed_foursquare, layout_basic, nicolae_ru_path_of_blood,
          kennysheep_slug_shrine
D:5:      lemuel_ice_spiral_2, layout_basic, uniq_ijyb, uniq_blork_the_orc,
          uniq_grinder, uniq_prince_ribbit1

Skill      XL: |  1  2  3  4  5  6  7 |
---------------+----------------------+-----
Armour         | 3 4 5 |  5.2
Short Blades   | 2 3 4 |  4.2
Shields        | 3 |  3.9
Dodging        | 1 2 |  2.2
Stealth        | 1 |  1.4
Fighting       | 4 |  4.1

Action                   |  1- 3 |  4- 6 |  7- 9 || total
-------------------------+-------+-------+-------++-------
Melee: Rapier            |    74 |       |       ||    74
       Dagger            |    47 |   146 |    82 ||   275
       Headbutt          |       |    26 |    21 ||    47
  Use: Scroll            |     2 |       |       ||     2
       Potion            |       |     2 |     2 ||     4
Armor: Scale mail        |    67 |    45 |    25 ||   137
Dodge: Dodged            |    97 |    73 |    43 ||   213
Block: Buckler           |    23 |    27 |    13 ||    63

Table legend: (Time is in decaauts)
 A = Elapsed time spent in this place.
 B = Non-inter-level travel time spent in this place.
 C = Inter-level travel time spent in this place.
 D = Time resting spent in this place.
 E = Time spent auto-exploring this place.
 F = Levels seen in this place.
 G = Mean time per level.
                   A        B        C        D        E       F      G
               +--------+--------+--------+--------+--------+-----+--------+
         Total |   4619 |   4463 |    156 |      0 |   3457 |   5 |  923.8 |
       Dungeon |   4619 |   4463 |    156 |      0 |   3457 |   5 |  923.8 |
               +--------+--------+--------+--------+--------+-----+--------+

Top non-repeatable levels by time:
     D:1: 1255 daAuts
     D:3: 1042 daAuts
     D:2: 926 daAuts
     D:4: 866 daAuts
     D:5: 528 daAuts
